 Dungeon Crawl Stone Soup version 0.29.1-15-g9cfb28693d (webtiles) character file.

Game seed: 4975748388183169709

244 raph the Chiller (level 6, -9/44 HPs)
             Began as a Merfolk Ice Elementalist on Mar 29, 2023.
             Splashed by a jelly's acid (10 damage)
             ... on level 4 of the Dungeon.
             The game lasted 00:06:42 (4609 turns).

raph the Chiller (Merfolk Ice Elementalist)         Turns: 4609, Time: 00:06:43

Health: -9/44      AC: -7    Str:  9    XL:     6   Next: 10%
Magic:  6/9        EV: 12    Int: 16    God:
Gold:   109        SH:  0    Dex: 14    Spells: 3/10 levels left

rFire   + . .      SeeInvis .   f - +3 dagger (holy)
rCold   . . .      Faith    .   (no shield)
rNeg    . . .      Spirit   .   d - +0 robe
rPois   .          Reflect  .   (no helmet)
rElec   .          Harm     .   (no cloak)
rCorr   .          Rampage  .   (no gloves)
Will    +....                   (no boots)
Stlth   ++........              (no amulet)
HPRegen 0.14/turn               h - ring of protection from fire
MPRegen 0.11/turn               m - ring of willpower

@: ice-armoured, corroded, freezing walls
A: (nimble swimmer 2), mertail
a: no special abilities


You were on level 4 of the Dungeon.
You visited 1 branch of the dungeon, and saw 4 of its levels.

You collected 190 gold pieces.
You spent 81 gold pieces at shops.

Inventory:

Hand Weapons
 a - a +1 dagger of freezing
 f - a +3 dagger of holy wrath (weapon)
 l - a +0 trident
Armour
 d - a +0 robe (worn)
Jewellery
 h - a ring of protection from fire (left hand)
 m - a ring of willpower (right hand)
Scrolls
 e - 2 scrolls of identify
 i - 2 scrolls of immolation
Potions
 c - a potion of flight
 j - a potion of curing
 k - 2 potions of attraction


   Skills:
 + Level 1.8 Fighting
 - Level 2.6 Dodging
 + Level 3.2 Stealth
 + Level 2.6 Spellcasting
 + Level 6.9 Ice Magic


You had 3 spell levels left.
You knew the following spells:

 Your Spells              Type           Power      Damage    Failure   Level
a - Freeze                Ice            96%        1d11      1%          1
b - Frozen Ramparts       Ice            48%        1d8       3%          3
c - Ozocubu's Armour      Ice            24%        N/A       3%          3

Your spell library contained the following spells:

 Spells                   Type           Power      Damage    Failure   Level
 Ensorcelled Hibernation  Hex/Ice        26%        N/A       7%          2
 Necrotise                Necr           8%         1d4       21%         1
 Spider Form              Tmut/Pois      2%         N/A       52%         3
 Vampiric Draining        Necr           2%         2d6       52%         3
 Hailstorm                Conj/Ice       13%        3d5       43%         4
 Anguish                  Hex/Necr       1%         N/A       89%         4
 Agony                    Necr           2%         N/A       99%         5


Dungeon Overview and Level Annotations

Branches:
Dungeon (4/15)
 Temple: D:4-7

Altars:

Shops:
D:2 *

Annotations:
D:3 Natasha


Innate Abilities, Weirdness & Mutations

((You are very nimble when in or above water. (Stealth+, EV+, Speed+++)))
Your lower body shifts to a powerful aquatic tail in water.


Message History

The jelly hits you.
You are splashed with acid!
You hit the jelly.
Your hands burn!
The jelly is moderately wounded.
The jelly hits you.
You are splashed with acid!
* * * LOW HITPOINT WARNING * * *
You hit the jelly but do no damage. The acid corrodes you!
Your hands burn!
* * * LOW HITPOINT WARNING * * *
The jelly is moderately wounded.
The jelly closely misses you.
Okay, then.
Okay, then.
You feel much better. The jelly hits you. The acid corrodes you!
You are splashed with acid!
Your icy armour will break if you move.
Continue?
Okay, then.
Casting: Freeze (safe; 1% risk of failure)
Confirm with . or Enter, or press ? or * to list all spells.
You don't have enough magic to cast this spell.
Unknown command.
Magic courses through your body. The jelly hits you.
You are splashed with acid!
* * * LOW HITPOINT WARNING * * *
Casting: Freeze (safe; 1% risk of failure)
Confirm with . or Enter, or press ? or * to list all spells.
Casting: Frozen Ramparts (dangerous; 3% risk of failure)
Press: ? - help, Dir - look around, f - activate The walls around you are covered in ice.
The wall freezes the jelly.
The jelly hits you.
* * * LOW HITPOINT WARNING * * *
The acid corrodes you!
You are splashed with acid.
* * * LOW HITPOINT WARNING * * *
Aiming: Freeze (safe; 1% risk of failure)
Press: ? - help, Q - select action, (/) - cycle Shift-Dir - straight line, f - jelly
Aim: a jelly (heavily wounded)
You freeze the jelly.
The jelly is heavily wounded.
The wall freezes the jelly.
The jelly hits you.
* * * LOW HITPOINT WARNING * * *
You are splashed with acid!
You die...

#.....##...#........<...........
#.............#.............O...
#....#.....#..#.................
#....#.....#.#..................
#..##....#...#..................
###.......#..#...................
#.......#....#...................
#...........#............?.......
#.....##..#.#...@J#..............
#...............#)#..............
#...##...##...###.#..............
#......##.....# .#..............
#.#..##......## .#..............
#.###.......... ##..............
#.#..........## #######........
#....######### #........ ######
#........


You could see a jelly.

Vanquished Creatures
  An ogre (D:4)
  Terence (D:2)
  Natasha (D:3)
  4 adders
  A worm (D:3)
  3 dart slugs
  3 orcs (D:3)
  12 endoplasms
  A giant cockroach (D:1)
  7 hobgoblins
  3 quokkas
  6 ball pythons
  5 bats
  2 frilled lizards
  6 goblins
  5 kobolds
  4 rats
65 creatures vanquished.

Notes
Turn   | Place    | Note
-------+----------+-------------------------------------------
     0 | D:1      | raph the Merfolk Ice Elementalist began the quest for the
                  | Orb.
     0 | D:1      | Reached XP level 1. HP: 13/13 MP: 3/3
   270 | D:1      | Reached XP level 2. HP: 19/19 MP: 1/5
   457 | D:1      | Reached skill level 5 in Ice Magic
   960 | D:1      | Reached XP level 3. HP: 24/24 MP: 3/6
   964 | D:1      | Learned a level 3 spell: Frozen Ramparts
  1445 | D:1      | Found a faded altar of an unknown god.
  1636 | D:2      | Noticed Terence
  1852 | D:2      | Killed Terence
  1853 | D:2      | Reached skill level 6 in Ice Magic
  1853 | D:2      | Reached XP level 4. HP: 25/30 MP: 1/7
  2336 | D:2      | Found Couheik's Assorted Antiques.
  2478 | D:2      | Bought a fuming black potion for 25 gold pieces
  2479 | D:2      | Bought a scroll labelled QYVVIR QANLA for 28 gold pieces
  2479 | D:2      | Bought a scroll labelled VUERRE IT ITO for 28 gold pieces
  2797 | D:3      | Learned a level 3 spell: Ozocubu's Armour
  2979 | D:3      | Noticed Natasha
  2990 | D:3      | Killed Natasha
  2991 | D:3      | Reached XP level 5. HP: 33/36 MP: 1/8
  3115 | D:3      | Reached skill level 1 in Fighting
  3670 | D:3      | Noticed Natasha
  3713 | D:4      | Noticed an ogre
  4596 | D:4      | Killed an ogre
  4597 | D:4      | Reached XP level 6. HP: 35/44 MP: 0/9
  4609 | D:4      | HP: 1/44 [jelly (3)]
  4609 | D:4      | Splashed by a jelly's acid

Illustrated notes

Levels and vault maps discovered:
D:1:      wander_arrival_desolate, layout_basic, basic_ecumenical_altar
D:2:      layout_rooms, serial_shops, shop_statue, uniq_terence
D:3:      layout_rooms, minmay_starry_boxes, uniq_natasha
D:4:      layout_gridville, hangedman_decor_peaks_small

Skill      XL: |  1  2  3  4  5 |
---------------+----------------+-----
Ice Magic      | 5 6 |  6.9
Fighting       | 1 |  1.8
Stealth        | 3 |  3.2
Dodging        | |  2.6
Spellcasting   | |  2.6

Action                   |  1- 3 |  4- 6 || total
-------------------------+-------+-------++-------
Melee: Unarmed           |     1 |       ||     1
       Dagger            |     8 |    49 ||    57
       Punch             |       |     1 ||     1
 Cast: Freeze            |    39 |     5 ||    44
       Frozen Ramparts   |     3 |    17 ||    20
       Ozocubu's Armour  |       |     2 ||     2
  Use: Scroll            |       |    13 ||    13
       Potion            |       |     2 ||     2
 Stab: Sleeping          |     2 |     2 ||     4
Armor: Robe              |    10 |    12 ||    22
Dodge: Dodged            |    33 |    51 ||    84
